 Dungeon Crawl Stone Soup version 0.20-a0-795-ga03948b (webtiles) character file.

23 M4edhros the Scratcher (level 2, -2/12 HPs)
             Began as a Felid Chaos Knight on Mar 1, 2017.
             Slain by a centaur warrior (4 damage)
             ... on level 1 of the Dungeon.
             The game lasted 00:02:37 (6260 turns).

M4edhros the Scratcher (Felid Chaos Knight)         Turns: 6260, Time: 00:02:37

Health: -2/12      AC:  1    Str:  8      XL:     2   Next: 75%
Magic:  3/3        EV: 19    Int: 15 (16) God:    Xom [....*.]
Gold:   42         SH:  0    Dex: 14 (15) Spells: 1/1 levels left
                                        Lives:  0   Deaths: 0

rFire    . . .     SeeInvis +     - Unarmed
rCold    . . .     Gourm    .   (armour unavailable)
rNeg     . . .     Faith    .   (shield unavailable)
rPois    .         Spirit   .   (helmet unavailable)
rElec    .         Reflect  .   (cloak unavailable)
rCorr    .         Harm     .   (gloves unavailable)
MR       .....                  (boots unavailable)
Stlth    +++.......             (no amulet)
Regen    0.1/turn               g - +3 ring of intelligence
MPRegen  0.1/turn               d - +1 ring of evasion

@: very slightly contaminated, quick
A: no armour, no weapons or thrown items, stealth, claws 1, fangs 3, see
invisible, carnivore 3, deterioration 1, speed 1, frail 1, shaggy fur 1, slow
metabolism 1, sharp paws
a: Renounce Religion


You were on level 1 of the Dungeon.
You worshipped Xom.
You were a beloved toy of Xom.
You were very full.

You visited 1 branch of the dungeon, and saw 1 of its levels.

You collected 42 gold pieces.

Inventory:

Jewellery
 d - a +1 ring of evasion (left paw)
 g - a +3 ring of intelligence (right paw)
 k - an uncursed ring of ice
Scrolls
 b - a scroll of noise {unknown}
 e - a scroll of identify {unknown}
 h - a scroll of enchant weapon {unknown}
 i - a scroll of recharging {unknown}
 m - a scroll of teleportation {unknown}
Potions
 f - a potion of invisibility
Comestibles
 a - a meat ration
 l - a royal jelly


   Skills:
 - Level 3.0 Fighting
 - Level 3.2 Dodging
 * Level 3.1 Stealth
 + Level 3.3 Unarmed Combat


You had one spell level left.
You didn't know any spells.

Dungeon Overview and Level Annotations

Branches:
Dungeon (1/15)

Altars:


Innate Abilities, Weirdness & Mutations

You cannot wear armour.
You are incapable of wielding weapons or throwing items.
Your paws allow you to move quietly. (Stealth)
You have sharp claws.
You have razor-sharp teeth.
You have supernaturally acute eyesight. (SInv)
You are carnivorous and can eat meat at any time.
You cover ground quickly.
You are covered in fur. (AC +1)
You have a slow metabolism.
Your sharp claws are effective at attacking unaware monsters.
Your body sometimes deteriorates upon taking damage.
You are frail. (-10% HP)


Message History

The centaur warrior is moderately wounded.
You flicker back into view.
The centaur warrior is no longer moving slowly.
You scratch the centaur warrior but do no damage.
You bite the centaur warrior.
The centaur warrior is moderately wounded.
You scratch the centaur warrior.
The centaur warrior is heavily wounded.
You catch the helpless centaur warrior completely off-guard!
You scratch the centaur warrior.
The centaur warrior is heavily wounded.
The centaur warrior barely misses you.
You scratch the centaur warrior but do no damage.
The centaur warrior is heavily wounded.
The centaur warrior laughs crazily.
You scratch the centaur warrior.
The centaur warrior is heavily wounded.
The centaur warrior hits you.
You die...
Xom snickers!

#...#)#.#.#.# ....#
#...#.#.#.#.# #....#
#####.#.#.#.# #....#
......#.#(#..,#....#
##.####.#.... #....
........#.##.*#...
#########.##.*#..#####
..........*#. #.c#...#
##.#########§##§@#.#.#
....##.....#§b§§.#.#.#
###.##.#########§#.#.#
#.#.##.#
######.#.#.###########
#)..##.#
#...##.#.#...........#
#.####.#
#...##)#.###########.#
#......# #...##)#.#
#.# ######.#
#...##.#.# #.#
.......# #...##...#
#.#


You could see a centaur warrior (confused).

Vanquished Creatures
  2 leopard geckos (D:1)
  2 bats (D:1)
  A giant cockroach (D:1)
  2 goblins (D:1)
  3 hobgoblins (D:1)
  A ball python (D:1)
  A frilled lizard (D:1)
  5 kobolds (D:1)
  5 rats (D:1)
22 creatures vanquished.

Notes
Turn   | Place    | Note
-------+----------+-------------------------------------------
     0 | D:1      | M4edhros the Felid Chaos Knight began the quest for the Orb.
     0 | D:1      | Reached XP level 1. HP: 10/10 MP: 2/2
   255 | D:1      | XOM: harmless Ice miscast
   479 | D:1      | XOM: mild Erth miscast
   617 | D:1      | XOM: harmless Hex miscast
   639 | D:1      | XOM: divination: magic mapping
  1017 | D:1      | Reached skill level 1 in Stealth
  1088 | D:1      | XOM is BORED!
  1088 | D:1      | XOM: medium Chrm miscast
  1183 | D:1      | Reached XP level 2. HP: 4/14 MP: 3/3
  1574 | D:1      | XOM: harmless Summ miscast
  1752 | D:1      | XOM: silly message
  1800 | D:1      | XOM: divination: detect items
  2362 | D:1      | XOM: 1-stop teleportation journey
  2935 | D:1      | XOM: 2-stop teleportation journey
  3070 | D:1      | XOM: mild Erth miscast
  3490 | D:1      | XOM: harmless Chrm miscast
  3682 | D:1      | XOM: god gift: tubular emerald ring {god gift}
  3727 | D:1      | XOM is BORED!
  3727 | D:1      | XOM: severe Hex miscast
  3736 | D:1      | Gained mutation: You are clumsy. (Dex -2) [mutagenic glow]
  3764 | D:1      | Gained mutation: Your body sometimes deteriorates upon taking damage. [mutagenic glow]
  3781 | D:1      | XOM: give mutation
  3781 | D:1      | Lost mutation: You are clumsy. (Dex -2) [Xom's mischief]
  4061 | D:1      | XOM: 1-stop teleportation journey
  4155 | D:1      | XOM: medium Conj miscast
  4698 | D:1      | XOM: give mutations
  4698 | D:1      | Gained mutation: You are frail. (-10% HP) [Xom's mischief]
  4698 | D:1      | Gained mutation: Your body often deteriorates upon taking damage. [Xom's mischief]
  5024 | D:1      | XOM: summons 1 hostile shadow creature
  5257 | D:1      | XOM: give mutation
  5257 | D:1      | Lost mutation: Your body often deteriorates upon taking damage. [Xom's mischief]
  6103 | D:1      | XOM: harmless Air miscast
  6222 | D:1      | Noticed a centaur warrior
  6234 | D:1      | XOM: butterfly on damage
  6237 | D:1      | XOM: cast spell 'Metabolic Englaciation'
  6238 | D:1      | XOM: fog
  6246 | D:1      | XOM: confuse monster(s)
  6260 | D:1      | Slain by a centaur warrior

Vault maps used:
D:1:      matt_arrival_refuge, serial_bayou_pond_a, minmay_distorted

Skill      XL: |  1  2 |
---------------+-------+-----
Stealth        | 2 3 |  3.1
Fighting       | |  3.0
Dodging        | |  3.2
Unarmed Combat | |  3.3

Action                   || total
-------------------------++-------
Melee: Unarmed           ||    69
       Bite              ||     7
  Use: Potion            ||     3
 Stab: Sleeping          ||     3
       Invisible         ||     2
       Confused          ||     1
  Eat: Chunk             ||    16
Armor: Skin              ||     1
Dodge: Dodged            ||    38
